 Dungeon Crawl Stone Soup version 0.31.0-32-g396128a36d (webtiles) character file.

Game seed: 2667930261013267307

73 BillyBaka the Gusty (level 4, -2/41 HPs)
             Began as an Oni Air Elementalist on Mar 20, 2024.
             Blown up by Ijyb (12 damage)
             ... with a mindburst bolt
             ... on level 3 of the Dungeon.
             The game lasted 00:12:49 (2908 turns).

BillyBaka the Gusty (Oni Air Elementalist)          Turns: 2908, Time: 00:12:49

Health: -2/41      AC:  3    Str: 12    XL:     4   Next: 27%
Magic:  3/8        EV: 10    Int: 18    God:
Gold:   119        SH:  0    Dex: 15    Spells: 8/9 levels left

rFire   . . .        f - +0 short sword
rCold   . . .        (no shield)
rNeg    . . .        a - +0 robe
rPois   .            (helmet restricted)
rElec   .            (no cloak)
rCorr   .            (gloves unavailable)
SInv    .            (boots unavailable)
Will    .....        (no amulet)
Stlth   ++           i - +6 ring of dexterity
HPRegen 0.26/turn    m - ring of wizardry
MPRegen 0.11/turn

%: wizardry (x1)
@: brilliant
A: large, unfitting armour, horns 1, tough skin 1, double potion healing,
drunken brawling
a: no special abilities


You were on level 3 of the Dungeon.
You visited 1 branch of the dungeon, and saw 3 of its levels.

You collected 119 gold pieces.

Inventory:

Hand Weapons
 f - a +0 short sword (weapon)
Armour
 a - a +0 robe (worn)
Jewellery
 i - a +6 ring of dexterity (left hand)
 m - a ring of wizardry (right hand)
Scrolls
 d - a scroll of teleportation {unknown}
 g - a scroll of noise {unknown}
 h - 2 scrolls of identify {unknown}
 j - a scroll of amnesia {unknown}
 k - a scroll of immolation {unknown}
 l - a scroll of fog {unknown}
Potions
 b - a potion of magic
 c - a potion of invisibility {unknown}
 e - 3 potions of curing
 n - a potion of enlightenment {unknown}
 o - a potion of brilliance


   Skills:
 + Level 1.4 Fighting
 + Level 1.0 Short Blades
 + Level 2.0 Dodging
 - Level 1.6 Stealth
 * Level 3.2 Spellcasting
 + Level 1.4 Conjurations
 * Level 3.2 Air Magic


You had 8 spell levels left.
You knew the following spells:

 Your Spells              Type           Power      Damage    Failure   Level
a - Shock                 Conj/Air       64%        1d7       2%          1

Your spell library contained the following spells:

 Spells                   Type           Power      Damage    Failure   Level
 Static Discharge         Conj/Air       32%        3-5/arc   4%          2
 Swiftness                Air            21%        N/A       5%          3
 Airstrike                Air            10%        2d(2-18)  16%         4


Dungeon Overview and Level Annotations

Branches:
Dungeon (3/15)

Altars:
Wu Jian

Annotations:
D:3 1 runed translucent door, Consumeair16's ghost, weakling DrGl; Ijyb


Innate Abilities, Weirdness & Mutations

You are too large for most types of armour.
You have a pair of small horns on your head.
You have tough skin. (AC +1)
You gain doubled healing and magic from potions.
Whenever you drink a healing potion, you attack all around you.


Message History

Press: ? - help, Shift-Dir - straight line, f/p - Ijyb
Aim: Ijyb, wielding a +0 dagger, wearing a +0 leather armour and carrying a wand of mindburst (heavily wounded, 60% to hit)
The zap misses Ijyb.
Casting: Shock (safe; 2% risk of failure)
Confirm with . or Enter, or press ? or * to list all spells.
Aiming: Shock (safe; 2% risk of failure)
Press: ? - help, Shift-Dir - straight line, f/p - Ijyb
Aim: Ijyb, wielding a +0 dagger, wearing a +0 leather armour and carrying a wand of mindburst (heavily wounded, 60% to hit)
The zap hits Ijyb but does no damage.
Ijyb is heavily wounded.
Ijyb zaps a wand.
Your mind is blasted!
Found a stone staircase leading down.
You hit Ijyb but do no damage.
Ijyb is heavily wounded.
Ijyb screams, "Die!"
Ijyb hits you with a +0 dagger.
You hit Ijyb but do no damage.
Ijyb is heavily wounded.
Ijyb hits you with a +0 dagger.
You hit Ijyb but do no damage.
Ijyb is heavily wounded.
Ijyb zaps a wand.
Your mind is blasted!
* * * LOW HITPOINT WARNING * * *
You take a swig of the potion and twirl your +0 short sword.
You closely miss Ijyb. Your headbutt misses Ijyb.
Ijyb is heavily wounded.
It was a potion of curing.
You savour every drop.
You feel better.
Ijyb zaps a wand.
Your mind is blasted!
* * * LOW HITPOINT WARNING * * *
You closely miss Ijyb.
Ijyb is heavily wounded.
Ijyb misses you.
You closely miss Ijyb.
Ijyb is heavily wounded.
Ijyb zaps a wand.
Your mind is blasted!
* * * LOW HITPOINT WARNING * * *
It was a potion of brilliance.
You feel clever all of a sudden.
Ijyb zaps a wand.
Your mind is blasted!
You die...

#...........#...## .##
############...##⌠ ...
##...##.. .##.##
#########...##..!
.........##...........#W..♣
#.........#...........##..?
#......................##..
#........#g.............##⌠
#........#@..########....##
#......$.###.# .#....
#........# #$.. .##...
#[..<....# ###.# .. ...
#........# ...
.....##.#.### ..> ....
....# #.. ... ... # .!
....#


You could see Ijyb.

Vanquished Creatures
  A ribbon worm (D:3)
  An orc (D:3)
  4 endoplasms (D:1)
  10 giant cockroaches
  3 goblins
  9 hobgoblins
  4 jackals (D:2)
  2 quokkas
  5 ball pythons
  5 bats
  2 frilled lizards
  7 kobolds
  8 rats
61 creatures vanquished.

Notes
Turn   | Place    | Note
-------+----------+-------------------------------------------
     0 | D:1      | BillyBaka the Oni Air Elementalist began the quest for the
                  | Orb.
     0 | D:1      | Reached XP level 1. HP: 16/16 MP: 3/3
   161 | D:1      | Reached skill level 1 in Conjurations
   347 | D:1      | Reached XP level 2. HP: 26/26 MP: 0/5
   823 | D:1      | Found a faded altar of an unknown god.
  1050 | D:1      | Reached skill level 1 in Fighting
  1050 | D:1      | Reached XP level 3. HP: 33/33 MP: 4/7
  2434 | D:2      | Reached XP level 4. HP: 41/41 MP: 6/8
  2632 | D:3      | Noticed Ijyb
  2679 | D:3      | Found an ornate altar of the Wu Jian Council.
  2760 | D:3      | Reached skill level 1 in Short Blades
  2835 | D:3      | Found a runed translucent door.
  2835 | D:3      | Noticed Consumeair16's ghost (weakling DrGl)
  2908 | D:3      | Blown up by Ijyb

Illustrated notes

Levels and vault maps discovered:
D:1:      dpeg_arrival_line_fractal, layout_loops_ring,
          hellmonk_ecumenical_altar_prayer_group, minmay_cut_off
D:2:      minmay_roachtagon, layout_loops_ring
D:3:      layout_basic, mainiacjoe_overflow_six_doors_small,
          hellmonk_ghost_happy_afterlife, uniq_ijyb, uniq_terence

Skill      XL: |  1  2  3  4 |
---------------+-------------+-----
Conjurations   | 1 |  1.4
Dodging        | 2 |  2.0
Fighting       | 1 |  1.4
Air Magic      | 3 |  3.2
Spellcasting   | 3 |  3.2
Short Blades   | 1 |  1.0
Stealth        | |  1.6

Action                     |  1- 3 |  4- 6 || total
---------------------------+-------+-------++-------
  Melee: Unarmed           |     5 |       ||     5
         Headbutt          |     2 |       ||     2
         Short sword       |     4 |     5 ||     9
   Cast: Shock             |    98 |    28 ||   126
    Use: Potion            |       |     2 ||     2
 Armour: Robe              |    14 |     2 ||    16
  Dodge: Dodged            |     7 |     1 ||     8
